 Dungeon Crawl Stone Soup version 0.20.1-1-g8b1a95d (webtiles) character file.

35 Linguinho the Caller (level 3, 0/24 HPs)
             Began as a Demonspawn Summoner on Nov 3, 2017.
             Slain by an adder (3 damage)
             ... on level 2 of the Dungeon.
             The game lasted 00:05:30 (1631 turns).

Linguinho the Caller (Demonspawn Summoner)          Turns: 1631, Time: 00:05:30

Health: 0/24       AC:  2    Str:  8    XL:     3   Next: 17%
Magic:  2/6        EV: 12    Int: 16    God:
Gold:   55         SH:  0    Dex: 14    Spells: 6/7 levels left

rFire    . . .     SeeInvis .   f - +0 short sword
rCold    . . .     Gourm    .   (no shield)
rNeg     . . .     Faith    .   a - +0 robe
rPois    .         Spirit   .   (no helmet)
rElec    .         Reflect  .   (no cloak)
rCorr    .         Harm     .   (no gloves)
MR       .....                  (no boots)
Stlth    +++.......             (no amulet)
Regen    0.1/turn               (no ring)
MPRegen  0.1/turn               (no ring)

@: no status effects
A: nightstalker 1
a: no special abilities


You were on level 2 of the Dungeon.
You were hungry.

You visited 1 branch of the dungeon, and saw 2 of its levels.

You collected 55 gold pieces.

Inventory:

Hand Weapons
 f - a +0 short sword (weapon)
Armour
 a - a +0 robe (worn)
Scrolls
 g - a scroll of identify {unknown}
 m - a scroll of fog {unknown}
Potions
 e - 2 potions of agility {unknown}
 h - a potion of cancellation {unknown}
 j - 2 potions of might {unknown}
 k - a potion of flight {unknown}
Books
 b - a book of Callings

   Spells                             Type                      Level
   a - Summon Small Mammal            Summoning                    1
   b - Call Imp                       Summoning                    2
   c - Call Canine Familiar           Summoning                    3
   d - Summon Guardian Golem          Hexes/Summoning              3
   e - Summon Lightning Spire         Summoning/Air                4
   f - Summon Ice Beast               Ice/Summoning                4
Comestibles
 c - a bread ration
 i - a royal jelly
 l - 3 meat rations


   Skills:
 * Level 0.1 Short Blades
 + Level 2.0 Dodging
 + Level 2.1 Stealth
 + Level 2.5 Spellcasting
 + Level 4.4 Summonings


You had 6 spell levels left.
You knew the following spells:

 Your Spells              Type           Power        Failure   Level  Hunger
a - Summon Small Mammal   Summ           ###.         3%          1    #......


Dungeon Overview and Level Annotations

Branches:
Dungeon (2/15)

Altars:


Innate Abilities, Weirdness & Mutations

You are slightly more attuned to the shadows.


Message History

Your bat's corpse disappears in a puff of smoke!
Casting: Summon Small Mammal
Confirm with . or Enter, or press ? or * to list all spells.
Something bites your quokka.
Your quokka is poisoned.
Something poisons your quokka! Something closely misses your quokka.
Something bites your quokka but does no damage.
Something bites your quokka. Something misses your quokka.
Something barely misses your quokka. Something misses your quokka.
You swap places.
Your quokka dies!
Your quokka's corpse disappears in a puff of smoke!
The adder bites you but does no damage.
Your rat closely misses the adder.
Your quokka barely misses the adder.
Your rat bites the adder but does no damage.
The adder bites you.
* * * LOW HITPOINT WARNING * * *
You swap places.
Your quokka barely misses the adder.
The adder bites you.
You die...

........ #.# ...##### #.# ....#
# #.# ...## .# #.# ...# #[#
#####.#######
.#.####.#.###[..........#######
.#.....###.....†.r............#
.######.#.###.###S#####.#####.#
.# ##S.......@r.# #<# #.# .#
##.###.###..####[# #.# .#
##...#.........##.# #.# .#
#........##....##.# ##.# .#
##...#...###...##. #..# ##
##.##...> ..... #.## #.##.###
...### #.# #.##.# #.## #.#
#.##.# #.# #.#


You could see an adder, a friendly quokka and a friendly rat.

Vanquished Creatures
  An ooze (D:2)
  A giant cockroach (D:2)
  A goblin (D:1)
  A hobgoblin (D:1)
  3 bats
  2 rats
9 creatures vanquished.

Vanquished Creatures (collateral kills)
  2 adders (D:2)
  A worm (D:2)
  4 bats (D:1)
  2 goblins (D:1)
  2 hobgoblins (D:1)
  2 frilled lizards
  2 kobolds
15 creatures vanquished.

Grand Total: 24 creatures vanquished

Notes
Turn   | Place    | Note
-------+----------+-------------------------------------------
     0 | D:1      | Linguinho the Demonspawn Summoner began the quest for the Orb.
     0 | D:1      | Reached XP level 1. HP: 13/13 MP: 3/3
   448 | D:1      | Gained mutation: You are slightly more attuned to the shadows. [demonic ancestry]
   448 | D:1      | Reached XP level 2. HP: 18/19 MP: 1/5
  1440 | D:2      | Reached XP level 3. HP: 17/24 MP: 3/6
  1631 | D:2      | Slain by an adder

Skill      XL: |  1  2 |
---------------+-------+-----
Dodging        | 2 |  2.0
Stealth        | 2 |  2.1
Short Blades   | |  0.1
Spellcasting   | |  2.5
Summonings     | |  4.4

Action                   || total
-------------------------++-------
Melee: Unarmed           ||    36
       Short sword       ||    35
 Cast: Summon Small Mamm ||    40
  Use: Potion            ||     2
 Stab: Sleeping          ||     8
  Eat: Chunk             ||     2
Armor: Robe              ||    35
Dodge: Dodged            ||    93
